Map: Superficie di Korhal LE

Players

Jhyrachy

  • Race: Zerg Zerg
  • League: Silver

Safrax - Winner!

  • Race: Protoss Protoss
  • League: Silver

VOD

Have the link to the VOD?

Description

Time

  • Played on: April 3, 2016, 3:23 p.m.
  • Length: 13:13
Show
View Real Time Build Order
Export as new Build Order

Jhyrachy Zerg 

Build Orders: 3 Hatch before Pool 

Get SALT Encoding   

  12  0:02  Drone  
  13  0:09  Drone  
  14  0:17  Overlord  
  14  0:35  Drone x2  
  15  0:36  Drone  
  17  0:59  Drone  
  17  1:00  Hatchery  
  17  1:25  Extractor  
  16  1:26  Drone  
  16  1:28  Hatchery  
  16  1:37  Spawning Pool  
  16  1:38  Drone  
  16  1:43  Drone  
  17  1:58  Drone  
  18  2:16  Overlord  
  18  2:26  Queen  
  18  2:27  Queen  
  18  2:29  Zergling x4  
  24  2:36  Drone x4  
  28  2:47  Queen  
  30  3:02  Zergling x2  
  30  3:03  Zergling x10  
  37  3:12  Drone  
  37  3:13  Drone x2  
  39  3:52  Lair  
  39  3:54  Queen  
  41  3:56  Overlord x2  
  41  3:57  Overlord  
  41  4:14  Queen  
  43  4:19  Roach Warren  
  42  4:28  Drone x2, Extractor  
  42  4:29  Drone  
  44  4:34  Drone x6  
  50  4:50  Zergling x2  
  50  4:51  Zergling x10  
  56  5:03  Queen  
  56  5:06  Spore Crawler  
  57  5:28  Roach x6  
  65  5:30  Overlord  
  65  5:31  Overlord x3  
  63  5:35  Spine Crawler  
  48  6:09  Drone x3  
  48  6:10  Drone x2  
  48  6:11  Drone  
  54  6:30  Drone  
  54  6:31  Drone x10  
  59  7:03  Overlord x4  
  59  7:12  Zergling x2  
  59  7:13  Zergling x24  
  72  7:47  Metabolic Boost  
  72  7:49  Drone x7  
  79  8:05  Zergling x2  
  80  8:06  Zergling x16  
  87  8:46  Spire  
  87  8:47  Zergling x2  
  87  8:48  Zergling x24  
  99  9:29  Nydus Network  
  98  9:46  Extractor  
  98  9:48  Drone x3  
  98  9:49  Extractor  
  99  9:58  Drone x3  
  102  10:05  Overlord x3  
  102  10:06  Overlord  
  102  10:15  Mutalisk  
  102  10:16  Mutalisk x10  
  124  10:47  Zergling x2  
  124  10:48  Zergling x26  
  138  10:56  Burrow  
  138  11:02  Zergling x2  
  138  11:03  Zergling x4  
  141  11:05  Overlord  
  141  11:06  Overlord  
  97  11:35  Zergling x14  
  97  11:36  Zergling x6  
  83  12:40  Zergling x10  
  83  12:41  Zergling x24  
Show
View Real Time Build Order
Export as new Build Order

Safrax Protoss - Winner!

Build Orders:  

Get SALT Encoding   

  12  0:01  Probe (Chrono Boost)  
  13  0:11  Probe (Chrono Boost)  
  14  0:18  Pylon  
  14  0:22  Probe (Chrono Boost)  
  15  0:36  Probe (Chrono Boost)  
  15  0:42  Gateway  
  17  0:50  Probe (Chrono Boost)  
  17  0:52  Assimilator  
  17  1:00  Probe (Chrono Boost)  
  18  1:11  Probe (Chrono Boost)  
  19  1:21  Probe (Chrono Boost)  
  20  1:31  Cybernetics Core  
  20  1:32  Probe (Chrono Boost)  
  21  1:42  Probe (Chrono Boost)  
  22  1:50  Pylon  
  22  1:53  Probe (Chrono Boost)  
  23  2:07  Pylon  
  24  2:08  Probe (Chrono Boost)  
  24  2:09  Warp Gate  
  24  2:19  Probe (Chrono Boost)  
  25  2:26  Nexus  
  25  2:29  Probe (Chrono Boost)  
  26  2:31  Adept  
  28  2:37  Assimilator  
  28  2:40  Probe (Chrono Boost)  
  29  2:53  Robotics Facility  
  29  2:57  Probe (Chrono Boost)  
  30  3:02  Adept  
  32  3:08  Probe (Chrono Boost)  
  33  3:18  Probe (Chrono Boost)  
  34  3:22  Forge  
  34  3:29  Probe (Chrono Boost)  
  35  3:34  Gateway  
  35  3:38  Gateway, Pylon  
  35  3:40  Probe (Chrono Boost)  
  36  3:45  Adept  
  38  3:50  Warp Prism  
  38  3:52  Probe (Chrono Boost)  
  41  3:58  Mothership Core (Chrono Boost)  
  41  4:02  Pylon  
  43  4:09  Probe (Chrono Boost)  
  44  4:10  Pylon  
  44  4:16  Probe (Chrono Boost)  
  45  4:20  Probe (Chrono Boost)  
  46  4:27  Probe (Chrono Boost)  
  46  4:28  Gateway  
  47  4:35  Immortal  
  51  4:41  Twilight Council  
  51  4:43  Probe x2 (Chrono Boost)  
  53  4:53  Sentry  
  53  4:54  Probe x2 (Chrono Boost)  
  57  5:03  Assimilator x2  
  57  5:04  Probe x2 (Chrono Boost)  
  57  5:06  Photon Cannon  
  59  5:15  Probe x2 (Chrono Boost)  
  61  5:23  Adept x3  
  67  5:41  Resonating Glaives (Chrono Boost)  
  67  5:47  Adept  
  67  5:54  Pylon x2  
  67  5:56  Probe x2 (Chrono Boost)  
  67  5:57  Pylon  
  67  6:00  Pylon  
  55  6:06  Immortal  
  59  6:21  Gateway  
  59  6:24  Gateway  
  59  6:25  Gateway  
  51  6:26  Gateway  
  51  6:29  Adept x3  
  51  6:30  Photon Cannon x2  
  51  6:35  Gateway  
  51  6:40  Probe x2 (Chrono Boost)  
  53  6:50  Probe (Chrono Boost)  
  53  6:51  Probe (Chrono Boost), Adept  
  53  6:53  Adept  
  59  7:09  Probe (Chrono Boost)  
  59  7:10  Probe (Chrono Boost), Pylon  
  59  7:12  Pylon  
  61  7:21  Charge (Chrono Boost), Adept x2  
  65  7:30  Stalker  
  65  7:31  Stalker  
  65  7:37  Stargate  
  69  7:39  Probe  
  69  7:40  Pylon  
  70  7:54  Stalker  
  70  7:55  Stalker x2  
  76  7:59  Protoss Ground Weapons Level 1 (Chrono Boost)  
  76  8:20  Immortal  
  80  8:28  Probe  
  80  8:33  Nexus  
  81  8:40  Pylon  
  81  8:45  Pylon  
  81  8:50  Adept x3  
  81  8:51  Stalker  
  81  8:52  Stalker  
  81  8:53  Sentry  
  93  8:56  Sentry  
  95  9:14  Probe  
  95  9:15  Forge  
  95  9:16  Forge  
  96  9:27  Sentry x2  
  96  9:28  Sentry  
  102  9:31  Stalker x2  
  102  9:36  Warp Prism  
  108  9:42  Probe  
  109  9:58  Probe  
  109  9:59  Probe  
  109  10:00  Probe  
  112  10:16  Probe  
  112  10:18  Assimilator  
  112  10:19  Photon Cannon  
  112  10:20  Assimilator  
  112  10:21  Stalker  
  115  10:24  Photon Cannon  
  115  10:26  Pylon  
  115  10:29  Photon Cannon  
  115  10:44  Observer  
  116  10:50  Probe  
  116  10:52  Probe  
  116  10:54  Pylon  
  118  10:59  Photon Cannon  
  118  11:05  Observer  
  119  11:17  Stalker x5  
  119  11:18  Stalker  
  122  11:36  Photon Cannon  
  122  11:37  Photon Cannon x2  
  122  11:38  Stalker x2  
  124  11:50  Stalker x2  
  124  11:51  Stalker  
  130  12:02  Probe  
  130  12:04  Probe  
  130  12:08  Probe  
  132  12:13  Probe  
  134  12:16  Probe  
  135  12:46  Adept x2  
  135  12:47  Adept x4  
  135  12:48  Adept x2  
  139  13:12  Stalker x3  
  137  13:13  Stalker x3  
Tags
 
Add a new tag
Caveats
  • Supply blocks, unpowered buildings, or Contaminate may cause inaccurate times.
  • Supply counts are checked every 10 seconds.